 Dungeon Crawl Stone Soup version 0.30.0-17-ge0270778cf (webtiles) character file.

Game seed: 3246518236067579889

128 sampeng1 the Chiller (level 5, -4/35 HPs)
             Began as a Human Ice Elementalist on May 21, 2023.
             Slain by a black bear (12 damage)
             ... on level 3 of the Dungeon.
             The game lasted 00:21:03 (2141 turns).

sampeng1 the Chiller (Human Ice Elementalist)       Turns: 2141, Time: 00:21:04

Health: -4/35      AC:  4    Str:  8    XL:     5   Next: 33%
Magic:  6/8        EV: 12    Int: 17    God:
Gold:   134        SH:  6    Dex: 14    Spells: 2/9 levels left

rFire   . . .        u - +2 rapier
rCold   . . .        d - +2 buckler {rPois}
rNeg    . . .        a - +0 robe
rPois   +            j - +0 helmet
rElec   .            (no cloak)
rCorr   .            (no gloves)
SInv    .            c - +0 pair of boots
Will    .....        (no amulet)
Stlth   ++           k - ring of poison resistance
HPRegen 0.25/turn    (no ring)
MPRegen 0.11/turn

%: no passive effects
@: no status effects
A: no striking features
a: no special abilities


You were on level 3 of the Dungeon.
You visited 1 branch of the dungeon, and saw 3 of its levels.

You collected 134 gold pieces.

Inventory:

Hand Weapons
 s - a +0 sling
 u - a +2 rapier (weapon)
Missiles
 f - 59 stones
 n - 7 poisoned darts (quivered)
 o - 6 atropa-tipped darts
Armour
 a - a +0 robe (worn)
 c - a +0 pair of boots (worn)
 d - a +2 buckler of poison resistance (worn)
 j - a +0 helmet (worn)
 t - a +2 leather armour of fire resistance
Jewellery
 k - a ring of poison resistance (left hand)
Scrolls
 e - 2 scrolls of teleportation {unknown}
 h - a scroll of identify
 r - a scroll of noise {unknown}
Potions
 b - 2 potions of magic
 g - a potion of haste
 i - 2 potions of attraction
 l - 3 potions of curing
 m - 3 potions of flight
 p - a potion of mutation
 q - a potion of brilliance {unknown}


   Skills:
 + Level 1.2 Short Blades
 + Level 2.8 Dodging
 + Level 2.9 Stealth
 + Level 1.5 Shields
 + Level 2.6 Spellcasting
 + Level 4.4 Ice Magic


You had 2 spell levels left.
You knew the following spells:

 Your Spells              Type           Power      Damage    Failure   Level
a - Freeze                Ice            68%        1d8       4%          1
b - Frozen Ramparts       Ice            34%        1d6       14%         3
c - Ozocubu's Armour      Ice            17%        N/A       14%         3

Your spell library contained the following spells:

 Spells                   Type           Power      Damage    Failure   Level
 Kiss of Death            Conj/Necr      8%         2d6       28%         1
 Confusing Touch          Hex            2%         N/A       65%         3
 Summon Ice Beast         Ice/Summ       9%         N/A       75%         4
 Dispel Undead            Necr           2%         3d7       96%         4


Dungeon Overview and Level Annotations

Branches:
Dungeon (3/15)

Altars:
Nemelex Xobeh


Message History

The black bear closely misses you. You block the black bear's attack.
The black bear claws you.
You hit the black bear.
The black bear is moderately wounded.
The black bear bites you. The black bear claws you.
The black bear barely misses you.
You hit the black bear.
The black bear is heavily wounded.
The black bear barely misses you.
The black bear claws you but does no damage.
The black bear closely misses you.
Casting: Freeze (safe; 4% risk of failure)
Confirm with . or Enter, or press ? or * to list all spells.
Aiming: Freeze (safe; 4% risk of failure)
Press: ? - help, Shift-Dir - straight line, f - black bear
Aim: a black bear (heavily wounded)
You freeze the black bear.
The black bear is heavily wounded.
The black bear bites you. The black bear closely misses you.
The black bear claws you.
Casting: Freeze (safe; 4% risk of failure)
Confirm with . or Enter, or press ? or * to list all spells.
Aiming: Freeze (safe; 4% risk of failure)
Press: ? - help, Shift-Dir - straight line, f/p - black bear
Aim: a black bear (heavily wounded)
You freeze the black bear.
The black bear is severely wounded.
The black bear goes berserk!
You closely miss the black bear.
The black bear is severely wounded.
You block the black bear's attack. The black bear claws you. x2
* * * LOW HITPOINT WARNING * * *
The black bear barely misses you. The black bear claws you.
* * * LOW HITPOINT WARNING * * *
The black bear claws you but does no damage.
Casting: Freeze (safe; 4% risk of failure)
Confirm with . or Enter, or press ? or * to list all spells.
Okay, then.
The black bear bites you!
You die...

#...###.# ....
#..####.# ####
#.......#
##.###### #.#
#####
#.####### #...
#.......###.#
####........#
#.##.##@.#
######
#.##.##.h#
#.....
#.##.......#
#.#...
#.#####.......
###.#.## #.#
#.#######
.......# #..
..# ##.#...
### ####
#......
.........
#.#.#....


You could see a black bear (berserk).

Vanquished Creatures
  6 adders
  A worm (D:2)
  A dart slug (D:2)
  3 orcs (D:3)
  A bat (D:1)
  An endoplasm (D:2)
  2 giant cockroaches
  8 goblins
  6 hobgoblins
  11 jackals
  5 ball pythons
  6 frilled lizards
  10 kobolds
  4 rats
65 creatures vanquished.

Notes
Turn   | Place    | Note
-------+----------+-------------------------------------------
     0 | D:1      | sampeng1 the Human Ice Elementalist began the quest for the
                  | Orb.
     0 | D:1      | Reached XP level 1. HP: 13/13 MP: 3/3
   127 | D:1      | Reached XP level 2. HP: 19/19 MP: 3/5
   376 | D:1      | You fall into a shaft and drop 1 floor!
   421 | D:1      | Reached XP level 3. HP: 20/24 MP: 6/6
   449 | D:1      | Noticed a golden eye
   454 | D:1      | Noticed a great orb of eyes
   456 | D:1      | Found a faded altar of an unknown god.
   460 | D:1      | Noticed a floating eye
   460 | D:1      | Noticed a shining eye
   779 | D:2      | Reached XP level 4. HP: 23/30 MP: 2/7
   886 | D:2      | Reached skill level 1 in Shields
  1271 | D:2      | Reached skill level 1 in Short Blades
  1609 | D:3      | Learned a level 3 spell: Frozen Ramparts
  1613 | D:3      | Learned a level 3 spell: Ozocubu's Armour
  1769 | D:3      | Reached XP level 5. HP: 35/35 MP: 4/8
  2014 | D:3      | Found a sparkling altar of Nemelex Xobeh.
  2129 | D:3      | Noticed a black bear
  2141 | D:3      | Slain by a black bear

Illustrated notes

Levels and vault maps discovered:
D:1:      elethiomel_arrival_shortcut, layout_rooms,
          hellmonk_ecumenical_altar_watching_god
D:2:      minmay_spotlight, layout_loops_ring
D:3:      layout_loops_cross, nemelex_xobeh_ov_fountains_minmay

Skill      XL: |  1  2  3  4 |
---------------+-------------+-----
Shields        | 1 |  1.5
Short Blades   | 1 |  1.2
Dodging        | |  2.8
Stealth        | |  2.9
Spellcasting   | |  2.6
Ice Magic      | |  4.4

Action                     |  1- 3 |  4- 6 || total
---------------------------+-------+-------++-------
  Melee: Unarmed           |    13 |       ||    13
         War axe           |     2 |       ||     2
         Short sword       |    48 |    62 ||   110
         Rapier            |       |    22 ||    22
   Fire: Sling             |       |     7 ||     7
  Throw: Dart              |     1 |       ||     1
   Cast: Freeze            |    30 |    23 ||    53
         Frozen Ramparts   |       |     3 ||     3
    Use: Scroll            |     2 |     8 ||    10
   Stab: Sleeping          |       |     2 ||     2
 Armour: Robe              |     7 |    21 ||    28
  Dodge: Dodged            |    49 |    48 ||    97
  Block: Buckler           |    12 |    25 ||    37
